Map: Dusk Towers

Players

Siuri

  • Race: Zerg Zerg

HiTMaN - Winner!

  • Race: Protoss Protoss
  • League: Diamond

VOD

Have the link to the VOD?

Description

Time

  • Played on: Nov. 24, 2015, 8:57 p.m.
  • Length: 6:32
Show
View Real Time Build Order
Export as new Build Order

Siuri Zerg 

Build Orders: 3 Hatch before Pool 

Get SALT Encoding   

  12  0:01  Drone  
  13  0:13  Overlord  
  14  0:21  Drone  
  14  0:31  Drone  
  14  0:32  Drone  
  16  0:35  Drone  
  17  0:56  Hatchery  
  16  0:58  Drone  
  17  1:19  Hatchery  
  17  1:22  Drone  
  17  1:36  Spawning Pool  
  17  1:38  Drone  
  17  1:41  Drone  
  17  1:44  Drone  
  19  1:49  Drone, Extractor  
  19  2:01  Overlord  
  19  2:09  Drone  
  19  2:14  Drone  
  21  2:23  Zergling x4  
  21  2:26  Queen  
  21  2:29  Queen  
  25  2:33  Drone  
  25  2:36  Drone  
  29  2:40  Drone  
  29  2:43  Drone  
  31  2:45  Drone  
  31  2:49  Extractor  
  31  2:50  Drone  
  32  2:53  Drone  
  33  2:59  Drone x2  
  35  3:06  Drone  
  35  3:07  Drone x2  
  38  3:14  Queen  
  38  3:16  Drone  
  38  3:19  Metabolic Boost  
  41  3:24  Drone  
  41  3:26  Overlord  
  42  3:31  Overlord  
  42  3:34  Overlord  
  41  3:41  Drone  
  41  3:44  Drone  
  41  3:45  Drone x4  
  41  3:46  Drone  
  47  3:52  Zergling x4  
  47  3:53  Zergling x2  
  47  3:55  Drone x2  
  52  4:01  Queen  
  54  4:08  Drone x5  
  59  4:14  Lair  
  59  4:16  Drone  
  60  4:17  Drone  
  60  4:18  Drone  
  60  4:20  Drone x2  
  60  4:22  Drone  
  65  4:34  Drone  
  65  4:35  Overlord x3  
  66  4:53  Queen  
  66  4:57  Extractor  
  66  4:58  Extractor  
  66  5:01  Drone x5  
  66  5:02  Drone x6  
  77  5:07  Roach Warren  
  77  5:13  Overseer  
  77  5:14  Evolution Chamber, Drone x6  
  78  5:15  Overlord  
  81  5:33  Evolution Chamber  
  81  5:35  Zergling x8  
  84  5:42  Hatchery  
  83  5:51  Hydralisk Den  
  82  5:57  Spore Crawler  
  82  6:00  Spore Crawler  
  82  6:03  Spore Crawler  
  79  6:12  Roach x5  
  79  6:14  Overlord x8  
Show
View Real Time Build Order
Export as new Build Order

HiTMaN Protoss - Winner!

Build Orders:  

Get SALT Encoding   

  12  0:01  Probe (Chrono Boost)  
  13  0:11  Probe (Chrono Boost)  
  14  0:19  Pylon  
  14  0:24  Probe (Chrono Boost)  
  15  0:37  Probe (Chrono Boost)  
  15  0:39  Gateway  
  16  0:48  Probe (Chrono Boost)  
  17  0:55  Assimilator  
  17  0:58  Probe (Chrono Boost)  
  17  1:01  Pylon  
  18  1:09  Probe (Chrono Boost)  
  19  1:17  Assimilator  
  19  1:19  Probe (Chrono Boost)  
  20  1:26  Zealot (Chrono Boost)  
  20  1:31  Probe  
  23  1:43  Probe  
  23  1:44  Pylon  
  24  1:55  Probe  
  25  2:03  Cybernetics Core  
  25  2:21  Nexus  
  25  2:29  Probe (Chrono Boost)  
  26  2:40  Warp Gate (Chrono Boost)  
  26  2:41  Stargate  
  26  2:42  Mothership Core  
  28  2:47  Pylon  
  27  3:09  Gateway  
  27  3:11  Gateway  
  27  3:18  Gateway  
  27  3:36  Pylon  
  27  3:50  Void Ray (Chrono Boost)  
  31  4:02  Gateway  
  31  4:13  Gateway  
  31  4:15  Probe x2, Pylon  
  33  4:33  Void Ray (Chrono Boost)  
  33  4:35  Probe  
  33  4:38  Probe  
  39  4:48  Probe x2  
  39  4:52  Sentry x2  
  43  4:53  Sentry  
  43  4:59  Probe  
  47  5:00  Probe  
  49  5:13  Void Ray (Chrono Boost)  
  53  5:17  Zealot  
  53  5:20  Zealot  
  57  5:30  Stalker  
  57  5:31  Stalker  
  57  5:33  Sentry  
  63  6:00  Stalker x2  
  63  6:02  Zealot x4  
  73  6:30  Zealot x2  
Tags
 
Add a new tag
Caveats
  • Supply blocks, unpowered buildings, or Contaminate may cause inaccurate times.
  • Supply counts are checked every 10 seconds.